 Dungeon Crawl Stone Soup version 0.31-a0-851-g7ff8af7976 (webtiles) character file.

Game seed: 16421345947202469586

96628 beavisfan the Fighter (level 15, -11/119 HPs)
             Began as a Demonspawn Earth Elementalist on Oct 6, 2023.
             Was a High Priest of Vehumet.
             Engulfed by a cloud of freezing vapour (25 damage)
             ... on level 15 of the Dungeon.
             The game lasted 00:40:05 (30234 turns).

beavisfan the Fighter (DsEE)                       Turns: 30234, Time: 00:40:06

Health: -11/119    AC: 15    Str: 12    XL:     15   Next: 69%
Magic:  21/39      EV: 15    Int: 40    God:    Vehumet [*****.]
Gold:   2265       SH:  4    Dex: 18    Spells: 11/36 levels left

rFire   . . .        X - staff "Doitetitz" {rElec Int+3 Dex+4 Air}
rCold   . . .        (no shield)
rNeg    . . .        f - +2 robe {Will+}
rPois   .            N - +1 hat {Will+}
rElec   +            S - +0 cloak "Jadghofe" {Harm Str+3 Int+8}
rCorr   .            d - +0 pair of gloves
SInv    .            y - +3 pair of seven-league boots {Rampage+∞}
Will    +++..        K - amulet of regeneration
Stlth   ++           l - +6 ring of intelligence
HPRegen 1.19/turn    W - ring of magical power
MPRegen 0.26/turn

%: harm (+30% outgoing, +20% incoming), rampage+∞
@: studying Shields
A: repulsion field 2, icemail 1, spiny 2, condensation shield, demonic touch 1
a: Renounce Religion


You were on level 15 of the Dungeon.
You worshipped Vehumet.
Vehumet was extremely pleased with you.
You visited 4 branches of the dungeon, and saw 23 of its levels.
You also visited: Sewer and Ossuary.

You collected 3598 gold pieces.
You spent 1333 gold pieces at shops.

Inventory:

Hand Weapons
 V - the +11 hand axe "Z" {pain, Str+9 Dex+3}
   (You found it on level 1 of the Lair of Beasts)

   Str+9:     It affects your strength (+9).
   Dex+3:     It affects your dexterity (+3).
Missiles
 J - a throwing net
Armour
 d - a +0 pair of gloves (worn)
 f - a +2 robe of willpower (worn)
 y - the +3 pair of seven-league boots (worn) {Rampage+∞}
   (You found it on level 5 of the Lair of Beasts)

   Rampage+∞: When moving toward enemies, its wearer moves as far as possible,
   alerting their target en route.
 N - a +1 hat of willpower (worn)
 R - a +2 robe of cold resistance
 S - the +0 cloak "Jadghofe" (worn) {Harm Str+3 Int+8}
   (You bought it in a shop on level 2 of the Orcish Mines)

   Str+3:     It affects your strength (+3).
   Int+8:     It affects your intelligence (+8).
   Harm:      It increases damage dealt and taken.
Magical Staves
 X - the staff "Doitetitz" (weapon) {rElec Int+3 Dex+4 Air}
   (You found it on level 4 of the Lair of Beasts)

   [staff of air]

   Base accuracy: +5 Base damage: 5 Base attack delay: 1.2 This weapon's minimum
   attack delay (0.6) is reached at skill level 12.
   Int+3:     It affects your intelligence (+3).
   Dex+4:     It affects your dexterity (+4).
   rElec:     It insulates you from electricity.
   Air:       It increases the power of your Air spells.
   It falls into the 'Staves' category.
   It is a one-handed weapon.
Jewellery
 l - a +6 ring of intelligence (left hand)
 v - a ring of flight
 w - a +5 ring of evasion
 E - a ring of protection from cold
 G - a ring of poison resistance
 K - an amulet of regeneration (around neck)
 P - an amulet of reflection
 T - a ring of ice
 W - a ring of magical power (right hand)
Wands
 b - a wand of mindburst (8)
 g - a wand of acid (11)
 n - a wand of flame (5)
 s - a wand of paralysis (24) (quivered)
 L - a wand of roots (18)
Scrolls
 c - 11 scrolls of teleportation
 h - 2 scrolls of revelation
 i - 4 scrolls of silence
 j - 3 scrolls of poison
 k - 3 scrolls of enchant armour
 o - 3 scrolls of vulnerability
 q - 2 scrolls of amnesia
 r - 4 scrolls of noise
 z - 3 scrolls of fear
 H - 4 scrolls of immolation
 M - 4 scrolls of enchant weapon
 O - 6 scrolls of identify
 Q - 2 scrolls of fog
 U - 2 scrolls of torment
Potions
 a - 5 potions of curing
 e - 3 potions of brilliance
 m - 5 potions of might
 p - 7 potions of enlightenment
 t - 2 potions of attraction
 u - 6 potions of mutation
 x - 4 potions of lignification
 A - 6 potions of heal wounds
 B - 4 potions of haste
 C - 2 potions of cancellation
 D - a potion of invisibility
 F - 4 potions of berserk rage
 I - 4 potions of resistance


   Skills:
 + Level 11.4 Fighting
 - Level 1.7 Dodging
 - Level 1.7 Stealth
 + Level 11.3 Spellcasting
 + Level 11.4 Conjurations
 - Level 0.8 Transmutations
 + Level 11.3 Fire Magic
 + Level 11.3 Air Magic
 + Level 11.3 Earth Magic


You had 11 spell levels left.
You knew the following spells:

 Your Spells              Type           Power      Damage    Failure   Level
a - Stone Arrow           Conj/Erth      100%       3d13      1%          3
b - Orb of Destruction    Conj           42%        9d12      3%          7
c - Freezing Cloud        Conj/Ice/Air   45%        6-21      1%          5
d - Ignition              Fire           42%        3d12      24%         8
w - Passwall              Tmut/Erth      53%        N/A       1%          2

Your spell library contained the following spells:

 Spells                   Type           Power      Damage    Failure   Level
 Magic Dart               Conj           100%       1d8       0%          1
 Sandblast                Erth           100%       2d20      0%          1
 Searing Ray              Conj           100%       2d8       0%          2
 Apportation              Tloc           44%        N/A       1%          1
 Kiss of Death            Conj/Necr      100%       2d13      1%          1
 Necrotise                Necr           88%        1d8       1%          1
 Summon Small Mammal      Summ           88%        N/A       1%          1
 Cigotuvi's Dreadful Rot  Necr/Pois/Air  100%       N/A       1%          2
 Poisonous Vapours        Pois/Air       100%       N/A       1%          2
 Ignite Poison            Fire/Tmut/Pois 53%        N/A       1%          3
 Inner Flame              Hex/Fire       62%        N/A       1%          3
 Mephitic Cloud           Conj/Pois/Air  90%        N/A       1%          3
 Brom's Barrelling Bould  Conj/Erth      85%        2d10      1%          4
 Fulminant Prism          Conj/Hex       31%        3d15      1%          4
 Petrify                  Tmut/Erth      64%        N/A       1%          4
 Sticky Flame             Conj/Fire      85%        2d10      1%          4
 Irradiate                Conj/Tmut      32%        3d22      1%          5
 Bombard                  Conj/Erth      42%        9d7       1%          6
 Plasma Beam              Fire/Air       53%        2x1d68    1%          6
 Ensorcelled Hibernation  Hex/Ice        44%        N/A       2%          2
 Jinxbite                 Hex            44%        N/A       2%          2
 Sublimation of Blood     Necr           22%        N/A       2%          2
 Confusing Touch          Hex            22%        N/A       4%          3
 Tukima's Dance           Hex            22%        N/A       4%          3
 Borgnjor's Vile Clutch   Necr/Erth      30%        N/A       4%          5
 Yara's Violent Unravell  Hex/Tmut       13%        3d7       10%         5
 Anguish                  Hex/Necr       11%        N/A       16%         4
 Cause Fear               Hex            11%        N/A       16%         4
 Dispel Undead            Necr           22%        3d12      16%         4
 Passage of Golubria      Tloc           22%        N/A       16%         4
 Alistair's Intoxication  Tmut/Pois      17%        N/A       34%         5
 Eringya's Noxious Bog    Tmut/Pois      13%        4d6       43%         6
 Chain Lightning          Conj/Air       53%        3d71      96%         9
 Fire Storm               Conj/Fire      42%        8d11      96%         9
 Shatter                  Erth           42%        3d33*     96%         9
 Enfeeble                 Hex            11%        N/A       100%        7


Dungeon Overview and Level Annotations

Branches:
Dungeon (15/15)            Temple (1/1) D:5            Lair (5/5) D:11
  Swamp (0/4) Lair:3       Spider (0/4) Lair:2        Slime (0/5) Lair:4
    Orc (2/2) D:12            Elf (0/3) Orc:2        Vaults (0/5) D:13
 Depths (0/4) D:15          Sewer (visited)         Ossuary (visited)

Altars:
Ashenzari
Cheibriados
Dithmenos
Fedhas
Gozag
Hepliaklqana
Kikubaaqudgha
Makhleb
Nemelex Xobeh
Okawaru
Qazlal
Ru
Sif Muna
Trog
Uskayaw
Vehumet
Wu Jian
Xom
Yredelemnul
Jiyva

Shops:
D:4 :   D:8 ?   D:9 (   Orc:1 !   Orc:2 [(??

Portals:
Trove: D:10 (give +2 ice dragon scales)

Annotations:
Temple 2 transporters


Innate Abilities, Weirdness & Mutations

You are surrounded by a moderate repulsion field. (EV +3)
A meltable icy envelope protects you from harm. (AC +4)
You are mostly covered in sharp spines.
A meltable shield of frost defends you. (SH +4)
Your touch may inflict minor irresistible damage on your foes.


Message History

The white ugly thing engulfs you. The white ugly thing freezes you!
Casting: Stone Arrow (safe; 1% risk of failure)
Confirm with . or Enter, or press ? or * to list all spells.
Aiming: Stone Arrow (safe; 1% risk of failure)
Press: ? - help, Shift-Dir - straight line, f/p - white ugly thing
Aim: a white ugly thing (freezing vapour, almost dead, 78% to hit)
The stone arrow hits the white ugly thing!!
You kill the white ugly thing!
Vehumet accepts your kill.
You feel your power returning.
You are engulfed in freezing vapours.
The purple ugly thing is engulfed in freezing vapours.
The white ugly thing is engulfed in freezing vapours.
Casting: Stone Arrow (safe; 1% risk of failure)
Confirm with . or Enter, or press ? or * to list all spells.
Aiming: Stone Arrow (safe; 1% risk of failure)
Press: ? - help, Shift-Dir - straight line, f - white ugly thing
Aim: a white ugly thing (moderately wounded, 78% to hit)
The stone arrow hits the white ugly thing!
The white ugly thing is severely wounded.
You are engulfed in freezing vapours.
The purple ugly thing is engulfed in freezing vapours.
The white ugly thing is struck by your spines.
The white ugly thing trunk-slaps you. The white ugly thing freezes you!!
* * * LOW HITPOINT WARNING * * *
Casting: Stone Arrow (safe; 1% risk of failure)
Confirm with . or Enter, or press ? or * to list all spells.
Aiming: Stone Arrow (safe; 1% risk of failure)
Press: ? - help, Shift-Dir - straight line, f/p - white ugly thing
Aim: a white ugly thing (severely wounded, 78% to hit)
The stone arrow hits the white ugly thing!
The white ugly thing is almost dead.
You are engulfed in freezing vapours.
* * * LOW HITPOINT WARNING * * *
The purple ugly thing is engulfed in freezing vapours.
The purple ugly thing punches you but does no damage.
The white ugly thing trunk-slaps you but does no damage.
As you read the scroll of fear, it crumbles to dust.
You assume a fearsome visage.
The purple ugly thing looks frightened!
The white ugly thing looks frightened!
You are engulfed in freezing vapours.
You die...

.......# ...
#. ......#
... #.
......# #...
#. ......#
#....#.
#.....#
..§§#§
#.....#
..§§§##.....#
#uu......#
#.@......#
#........#
#..####..#
#........#
#........#
#........#
#........#
#........#
#........#


You could see 2 ugly things.

Vanquished Creatures
  Gastronok (D:8)
  Kirke (Lair:5)
  Snorg (Lair:4)
  An ettin (Orc:2)
  3 hydras
  Josephine (D:10)
  Fannar (Lair:1)
  4 catoblepae (Lair:5)
  A death knight (D:14)
  2 satyrs (D:15)
  3 two-headed ogres
  A boulder beetle (D:13)
  9 centaur warriors
  8 death yaks (Lair:5)
  4 orc high priests (Orc:2)
  Sonja (Orc:1)
  A pharaoh ant (Lair:2)
  A skyshark (Lair:3)
  Lodul (D:14)
  4 skeletal warriors (D:15)
  2 shadow wraiths (D:15)
  3 bog bodies (Lair:3)
  A wizard (D:15)
  A necromancer (D:15)
  Pikel (D:4)
  2 phantasmal warriors (D:14)
  6 cyclopes
  An orc knight (D:15)
  7 manticores
  5 orc sorcerers
  6 ugly things
  10 elephants (Lair:5)
  2 black mambas
  3 centaur zombies (D:15)
  2 naga magi (D:15)
  7 cane toads
  A cane toad (shapeshifter) (D:13)
  Psyche (D:9)
  A freezing wraith (D:14)
  6 komodo dragons
  4 yaktaurs (D:15)
  4 rime drakes
  2 efreet (D:13)
  A kobold demonologist (D:12)
  7 trolls
  5 polar bears
  A blink frog (shapeshifter) (D:13)
  A hornet (D:9)
  2 tarantellas (Lair:2)
  A tarantella (shapeshifter) (D:13)
  4 dream sheep (D:15)
  A meliai zombie (D:15)
  24 blink frogs
  14 slime creatures
  A jumping spider (Lair:2)
  2 shadows
  Sigmund (D:4)
  86 yaks
  A spriggan (Lair:4)
  8 wraiths
  A vampire (D:13)
  2 wyverns
  3 basilisks
  A hog (Lair:5)
  4 fire bats (Lair:5)
  A steam dragon (D:9)
  4 vampire mosquitoes
  A swamp worm (Lair:3)
  3 wargs
  2 acid dragons
  13 water moccasins
  2 sky beasts
  20 orc warriors
  2 black bears
  10 ogres
  27 centaurs
  9 wolves
  A phantom (D:5)
  2 kobold brigands
  A lemure (D:3)
  Blork the orc (D:5)
  7 bullfrogs
  2 gnoll sergeants
  4 water moccasin zombies (Ossuary)
  2 scorpions
  7 wights
  9 killer bees
  4 electric eels
  10 howler monkeys
  6 jellies
  2 hounds
  A gnoll bouda (D:10)
  2 sleepcaps (D:6)
  28 orc priests
  4 iguanas
  29 orc wizards
  3 mummies
  Robin (D:4)
  17 adders
  14 gnolls
  5 river rats
  A shadow imp (D:5)
  2 adder zombies (Ossuary)
  3 worms
  5 dart slugs
  54 orcs
  14 ball pythons
  4 endoplasms
  5 giant cockroaches
  18 goblins
  8 hobgoblins
  A jackal (Sewer)
  5 quokkas
  12 bats
  6 frilled lizards
  2 gnoll zombies (Ossuary)
  8 hobgoblin zombies
  20 kobolds
  7 kobold zombies
  3 orc zombies
  A quokka zombie (D:7)
  8 rats
  A rat zombie (D:7)
  A butterfly (Lair:4)
743 creatures vanquished.

Vanquished Creatures (others)
  3 humans (Lair:5)
3 creatures vanquished.

Grand Total: 746 creatures vanquished

Notes
Turn   | Place    | Note
-------+----------+-------------------------------------------
     0 | D:1      | beavisfan the Demonspawn Earth Elementalist began the quest
                  | for the Orb.
     0 | D:1      | Reached XP level 1. HP: 13/13 MP: 3/3
   214 | D:1      | Found a faded altar of an unknown god.
   283 | D:1      | Gained mutation: You are partially covered in sharp spines.
                  | [demonic ancestry]
   283 | D:1      | Reached XP level 2. HP: 19/20 MP: 1/5
   602 | D:1      | Reached skill level 1 in Fighting
   602 | D:1      | Reached skill level 1 in Conjurations
   792 | D:1      | Gained mutation: You are surrounded by a mild repulsion
                  | field. (EV +2) [demonic ancestry]
   792 | D:1      | Reached XP level 3. HP: 24/26 MP: 2/6
  1205 | D:2      | Learned a level 3 spell: Stone Arrow
  1480 | D:2      | Gained mutation: A meltable shield of frost defends you.
                  | (SH +4) [demonic ancestry]
  1480 | D:2      | Reached XP level 4. HP: 30/32 MP: 3/8
  2662 | D:3      | Gained mutation: Your touch may inflict minor irresistible
                  | damage on your foes. [demonic ancestry]
  2662 | D:3      | Reached XP level 5. HP: 38/38 MP: 7/9
  3063 | D:4      | Noticed Robin
  3257 | D:4      | Killed Robin
  3333 | D:4      | Found Fecera's Book Shoppe.
  3372 | D:4      | Noticed a lemure
  3373 | D:4      | Noticed Pikel
  3373 | D:4      | Noticed a lemure
  3417 | D:4      | Noticed a lemure
  3426 | D:3      | Killed a lemure
  3554 | D:4      | Noticed a lemure
  3559 | D:4      | Killed Pikel
  3560 | D:4      | Reached XP level 6. HP: 26/48 MP: 1/12
  3560 | D:4      | Gained mutation: A meltable icy envelope protects you from
                  | harm. (AC +4) [demonic ancestry]
  3560 | D:4      | Reached XP level 7. HP: 29/53 MP: 1/13
  4120 | D:4      | Noticed Sigmund
  4130 | D:4      | Killed Sigmund
  4326 | D:5      | Entered Level 5 of the Dungeon
  4394 | D:5      | Noticed Blork the orc
  4396 | D:5      | Killed Blork the orc
  4542 | D:5      | Reached skill level 5 in Earth Magic
  4573 | D:5      | Reached XP level 8. HP: 61/61 MP: 4/15
  5221 | D:5      | Found a staircase to the Ecumenical Temple.
  5276 | D:5      | Reached skill level 5 in Spellcasting
  5474 | Temple   | Found a transporter.
  5474 | Temple   | Found a transporter.
  5474 | Temple   | Found a transporter.
  5474 | Temple   | Found a transporter.
  5474 | Temple   | Entered the Ecumenical Temple
  5491 | Temple   | Became a worshipper of Vehumet
  5728 | D:5      | Learned a level 2 spell: Passwall
  5751 | D:6      | Reached skill level 5 in Conjurations
  5756 | D:6      | Reached skill level 5 in Fighting
  5977 | D:6      | Found a glowing drain.
  5997 | Sewer    | Entered a sewer
  6179 | Sewer    | Reached * piety under Vehumet
  6179 | Sewer    | Offered knowledge of Foxfire by Vehumet.
  7236 | D:6      | Learned a level 5 spell: Freezing Cloud
  7439 | D:6      | Found a sacrificial altar of Ru.
  7439 | D:6      | Found a stormy altar of Qazlal.
  7676 | D:7      | Identified the +5 sling of Watchfulness {freeze, rC+ Str-3
                  | Dex+5}
  7751 | D:7      | Reached skill level 1 in Air Magic
  7751 | D:7      | Reached XP level 9. HP: 68/68 MP: 12/17
  7924 | D:7      | Reached ** piety under Vehumet
  8056 | D:7      | Offered knowledge of Scorch by Vehumet.
  8148 | D:7      | Found a sand-covered staircase.
  8155 | Ossuary  | Entered an ossuary
  8701 | Ossuary  | Offered knowledge of Inner Flame by Vehumet.
  9028 | D:7      | Reached *** piety under Vehumet
  9131 | D:7      | Found a hazy altar of Hepliaklqana.
 10134 | D:8      | Offered knowledge of Fulminant Prism by Vehumet.
 10177 | D:8      | Found Liebbo's Magic Scroll Emporium.
 10604 | D:8      | Noticed Gastronok
 10614 | D:8      | Killed Gastronok
 10615 | D:8      | Reached XP level 10. HP: 69/79 MP: 1/20
 10841 | D:9      | Found Nepoq's Firing Range.
 11315 | D:9      | Noticed Psyche
 11321 | D:9      | Killed Psyche
 11640 | D:9      | Reached **** piety under Vehumet
 11892 | D:10     | Entered Level 10 of the Dungeon
 12085 | D:10     | Offered knowledge of Airstrike by Vehumet.
 12259 | D:10     | Noticed a two-headed ogre
 12261 | D:10     | Killed a two-headed ogre
 12262 | D:10     | Reached skill level 5 in Air Magic
 12288 | D:10     | Gained mutation: You are surrounded by a moderate repulsion
                  | field. (EV +3) [demonic ancestry]
 12288 | D:10     | Reached XP level 11. HP: 86/86 MP: 3/22
 12604 | D:10     | You fall into a shaft and drop 1 floor!
 12898 | D:11     | Found a staircase to the Lair.
 13563 | D:10     | Noticed Josephine
 13571 | D:11     | Reached ***** piety under Vehumet
 13750 | D:10     | Offered knowledge of Flame Wave by Vehumet.
 13975 | D:10     | Killed Josephine
 14263 | D:10     | Found a portal to a secret trove of treasure.
 14716 | D:12     | Noticed a centaur warrior
 14720 | D:12     | Killed a centaur warrior
 15278 | D:12     | Noticed a brown ugly thing
 15282 | D:12     | Killed a brown ugly thing
 15283 | D:12     | Reached XP level 12. HP: 91/95 MP: 11/24
 15514 | D:12     | Found a staircase to the Orcish Mines.
 15564 | Orc:1    | Entered Level 1 of the Orcish Mines
 15564 | Orc:1    | Noticed Sonja
 15569 | Orc:1    | Killed Sonja
 16035 | Orc:1    | Found Nuezxaj's Distillery.
 16136 | Orc:2    | Entered Level 2 of the Orcish Mines
 16160 | Orc:2    | Noticed an ettin
 16171 | Orc:2    | Killed an ettin
 16527 | Orc:2    | Noticed an orc high priest
 16534 | Orc:2    | Killed an orc high priest
 16539 | Orc:2    | Noticed an orc high priest
 16547 | Orc:2    | Killed an orc high priest
 16547 | Orc:2    | Offered knowledge of Plasma Beam by Vehumet.
 16564 | Orc:1    | Learned a level 6 spell: Plasma Beam
 16823 | Orc:2    | Noticed an orc high priest
 16828 | Orc:2    | Killed an orc high priest
 16829 | Orc:2    | Reached skill level 1 in Fire Magic
 17024 | Orc:2    | Found Nadetuq's Weapon Shoppe.
 17025 | Orc:2    | Found Arphaig's Armour Shoppe.
 17026 | Orc:2    | Found Xyinga Vize's Magic Scroll Emporium.
 17030 | Orc:2    | Found Estaegh's Magic Scroll Emporium.
 17032 | Orc:2    | Noticed an orc high priest
 17035 | Orc:2    | Bought the +0 cloak "Jadghofe" {Harm Str+3 Int+8} for 553
                  | gold pieces
 17038 | Orc:2    | Killed an orc high priest
 17040 | Orc:2    | Reached skill level 10 in Fighting
 17146 | Orc:2    | Found a staircase to the Elven Halls.
 17169 | Orc:2    | Reached skill level 10 in Conjurations
 18141 | Lair:1   | Entered Level 1 of the Lair of Beasts
 18223 | Orc:2    | Bought a scroll of acquirement for 780 gold pieces
 18223 | Orc:2    | Acquired 1003 gold pieces
 18522 | Lair:1   | Noticed Fannar
 18661 | Lair:1   | Killed Fannar
 18786 | Lair:1   | Reached XP level 13. HP: 103/103 MP: 14/26
 19039 | Lair:1   | Identified the +11 hand axe "Z" {pain, Str+9 Dex+3}
 19174 | Lair:1   | Reached skill level 10 in Earth Magic
 19718 | Lair:2   | Reached skill level 10 in Spellcasting
 19871 | Lair:2   | Found a hole to the Spider Nest.
 20032 | Lair:2   | Offered knowledge of Bombard by Vehumet.
 20104 | Lair:2   | Learned a level 6 spell: Bombard
 21084 | Lair:3   | Found a staircase to the Swamp.
 22079 | Lair:4   | Noticed Snorg
 22085 | Lair:4   | Killed Snorg
 22401 | Lair:4   | Identified the staff "Doitetitz" {rElec Int+3 Dex+4 Air}
 22625 | Lair:4   | Found a staircase to the Slime Pits.
 22625 | Lair:4   | Found a viscous altar of Jiyva.
 23307 | Lair:5   | Entered Level 5 of the Lair of Beasts
 23434 | Lair:5   | Reached skill level 5 in Fire Magic
 23503 | Lair:5   | Gained mutation: You are mostly covered in sharp spines.
                  | [demonic ancestry]
 23503 | Lair:5   | Reached XP level 14. HP: 107/113 MP: 10/28
 23889 | Lair:5   | Offered knowledge of Eringya's Noxious Bog by Vehumet.
 24113 | Lair:5   | Found a radiant altar of Vehumet.
 24547 | Lair:5   | Noticed Kirke
 24549 | Lair:5   | Killed Kirke
 24867 | Lair:5   | Reached skill level 10 in Air Magic
 25619 | Lair:5   | Found the +3 pair of seven-league boots {Rampage+∞}
 26547 | D:13     | Reached XP level 15. HP: 84/118 MP: 6/30
 26582 | D:13     | Found a gate to the Vaults.
 26994 | D:13     | Reached skill level 10 in Fire Magic
 28527 | D:14     | Noticed Lodul
 28533 | D:14     | Killed Lodul
 28760 | D:15     | Entered Level 15 of the Dungeon
 29062 | D:15     | Offered knowledge of Orb of Destruction by Vehumet.
 29210 | D:15     | Learned a level 7 spell: Orb of Destruction
 29220 | D:15     | Learned a level 8 spell: Ignition
 29557 | D:15     | Found a staircase to the Depths.
 30234 | D:15     | Engulfed by a cloud of freezing vapour

Illustrated notes

Levels and vault maps discovered:
D:1:      eino_arrival_cavern_a, layout_basic, ebering_ecumenical_altar_hall,
          st_stairs_14, minmay_tromino_v4_b
D:2:      layout_loops_ring, serial_bayou_pond_b, kennysheep_generic_room_3
D:3:      layout_loops_corners
D:4:      layout_loops_cross, serial_shops, nicolae_book_shop_shelving,
          uniq_sigmund, uniq_pikel, uniq_robin
D:5:      layout_basic, minmay_temple_entry_statues_pillars, uniq_blork_the_orc
D:6:      layout_basic, jmf_multi_god_temple, gup_sewer_entry_bubbles
D:7:      layout_loops_cross, mainiacjoe_overflow_24_doors, enter_ossuary_4,
          minmay_mini_ossuary
D:8:      layout_basic, serial_shops, kennysheep_little_box, uniq_gastronok
D:9:      layout_loops_cross, nicolae_shop_firing_range, uniq_psyche
D:10:     layout_layer_cave, enter_trove_3, uniq_josephine
D:11:     layout_irregular_city, lair_entry_dummy
D:12:     layout_roguey, orc_0_dummy
D:13:     nzn_winding_woodlands_cross [nzn_winding_woodlands_5x15_pool,
          nzn_winding_woodlands_5x15_split_checker,
          nzn_winding_woodlands_5x15_cabin, nzn_winding_woodlands_5x15_parted,
          nzn_winding_woodlands_15x15_killbox], layout_small_grid,
          kennysheep_big_empty_room
D:14:     layout_long_grid, uniq_lodul
D:15:     grunt_enter_depths_magical_seal, layout_stronghold,
          grunt_dithmenos_smoke_and_mirrors, minmay_stone_trees_large,
          hellmonk_guarded_unrand_night
Temple:   hellmonk_temple_divided_pantheon
Lair:1:   layout_gridlike, serial_bayou_shore_a, uniq_fannar
Lair:2:   layout_cave_pods, nicolae_spider_entry_lesser_pyramids,
          gauntlet_entry_generic, grunt_megastairs_1
Lair:3:   layout_regular_city, nicolae_swamp_entry_splash_gauntlet,
          infiniplex_staircase_pool
Lair:4:   layout_hall_layers, nicolae_slime_entry_field_trip,
          grunt_forest_stairs_clearing, lemuel_fruit_fields, uniq_snorg
Lair:5:   evilmike_catoblepas_cave, layout_gridlike, lemuel_centaur_altar,
          uniq_kirke
Orc:1:    layout_caves, serial_shops, nicolae_diamond_shop, lightli_orcish_oven,
          uniq_sonja
Orc:2:    st_orc_mages, layout_caves

Skill      XL: |  1  2  3  4  5  6  7  8  9 10 11 12 13 14 15 |
---------------+----------------------------------------------+-----
Fighting       | 1 2 3 4 5 7 9 10 11 | 11.4
Conjurations   | 1 2 3 4 5 7 8 9 10 11 | 11.4
Earth Magic    | 3 4 5 6 7 9 10 11 | 11.3
Spellcasting   | 4 5 6 7 8 9 10 11 | 11.3
Air Magic      | 1 3 5 6 7 8 11 | 11.3
Fire Magic     | 2 5 9 11 | 11.3
Dodging        | |  1.7
Stealth        | |  1.7
Transmutations | |  0.8

Action                     |  1- 3 |  4- 6 |  7- 9 | 10-12 | 13-15 || total
---------------------------+-------+-------+-------+-------+-------++-------
  Melee: Unarmed           |       |     1 |       |       |       ||     1
         Dagger            |       |     6 |    27 |       |       ||    33
         Touch             |       |     2 |     7 |     2 |    12 ||    23
         Scimitar          |       |       |    17 |    13 |       ||    30
         Staff             |       |       |       |       |    57 ||    57
   Cast: Sandblast         |    55 |    53 |     9 |       |       ||   117
         Stone Arrow       |       |     6 |   178 |   178 |   195 ||   557
         Freezing Cloud    |       |       |       |    80 |   111 ||   191
         Plasma Beam       |       |       |       |     2 |     1 ||     3
         Bombard           |       |       |       |       |    83 ||    83
         Orb of Destructio |       |       |       |       |    14 ||    14
  Evoke: Wand              |       |     4 |     1 |       |       ||     5
    Use: Scroll            |       |       |    21 |     5 |     6 ||    32
         Potion            |       |       |       |     2 |     1 ||     3
   Stab: Paralysed         |       |     2 |     1 |       |       ||     3
 Armour: Robe              |    11 |       |       |    34 |   184 ||   229
         Leather armour    |     4 |    17 |    33 |       |       ||    54
         Steam dragon scal |       |       |       |    13 |       ||    13
  Dodge: Dodged            |    15 |    24 |    66 |    54 |   113 ||   272
  Block: Other             |       |     5 |    18 |    24 |    32 ||    79
         Reflection        |       |       |       |     5 |       ||     5

Table legend: (Time is in decaauts)
 A = Elapsed time spent in this place.
 B = Non-inter-level travel time spent in this place.
 C = Inter-level travel time spent in this place.
 D = Time resting spent in this place.
 E = Time spent auto-exploring this place.
 F = Levels seen in this place.
 G = Mean time per level.
                   A        B        C        D        E       F      G
               +--------+--------+--------+--------+--------+-----+--------+
         Total |  30545 |  29077 |   1468 |    170 |  25392 |  25 | 1221.8 |
       Dungeon |  18441 |  17608 |    833 |    170 |  15405 |  15 | 1229.4 |
        Temple |     32 |     23 |      9 |      0 |      0 |   1 |   32.0 |
          Lair |   7764 |   7265 |    499 |      0 |   6349 |   5 | 1552.8 |
  Orcish Mines |   2375 |   2248 |    127 |      0 |   1898 |   2 | 1187.5 |
         Sewer |   1229 |   1229 |      0 |      0 |   1107 |   1 | 1229.0 |
       Ossuary |    702 |    702 |      0 |      0 |    633 |   1 |  702.0 |
               +--------+--------+--------+--------+--------+-----+--------+

Top non-repeatable levels by time:
  Lair:5: 2563 daAuts
    D:12: 1632 daAuts
    D:13: 1542 daAuts
   Orc:1: 1455 daAuts
    D:10: 1442 daAuts
  Lair:2: 1395 daAuts
     D:5: 1374 daAuts
    D:15: 1360 daAuts
  Lair:4: 1359 daAuts
     D:8: 1286 daAuts
     D:3: 1280 daAuts
  Lair:3: 1245 daAuts
   Sewer: 1229 daAuts
     D:1: 1203 daAuts
  Lair:1: 1200 daAuts
